 Dungeon Crawl Stone Soup version 0.21.1-1-g345015f (webtiles) character file.

4245 vatarom the Zephyrmancer (level 10, -4/50 HPs)
             Began as a Tengu Air Elementalist on May 7, 2018.
             Was a Priest of Sif Muna.
             Slain by a two-headed ogre
             ... wielding a +0 giant spiked club
              (26 damage)
             ... on level 9 of the Dungeon.
             The game lasted 00:29:59 (9544 turns).

vatarom the Zephyrmancer (Tengu Air Elementalist)   Turns: 9544, Time: 00:30:00

Health: -4/50      AC:  6    Str: 13 (14) XL:     10   Next: 30%
Magic:  2/18       EV: 13    Int: 16 (18) God:    Sif Muna [***...]
Gold:   15         SH:  0    Dex: 15      Spells: 3/21 levels left

rFire    . . .     SeeInvis .   p - +3 dagger (venom)
rCold    . . .     Gourm    .   (no shield)
rNeg     . . .     Faith    .   y - +0 robe {MR+}
rPois    .         Spirit   .   (helmet restricted)
rElec    .         Reflect  .   q - scarf {repulsion}
rCorr    .         Harm     .   (no gloves)
MR       +....                  (boots unavailable)
Stlth    +.........             t - amulet of magic regeneration
HPRegen  0.16/turn              A - +2 ring of protection
MPRegen  0.41/turn              C - +3 ring of strength

@: confused, divine energy, repel missiles
A: beak, talons 3, large bone plates 1, slimy green scales 1, low mp 1, strong
1, able to fly 1
a: Fly, Stop Divine Energy, Channel Magic, Renounce Religion


You were on level 9 of the Dungeon.
You worshipped Sif Muna.
Sif Muna was most pleased with you.
You were hungry.

You visited 2 branches of the dungeon, and saw 10 of its levels.

You collected 15 gold pieces.

Inventory:

Hand Weapons
 p - a +3 dagger of venom (weapon)
Armour
 q - a scarf of repulsion (worn)
 y - a +0 robe of magic resistance (worn)
 E - a +0 cloak
Jewellery
 e - an uncursed amulet of rage {unknown}
 k - an uncursed ring of protection from fire
 t - an amulet of magic regeneration (around neck)
 A - a +2 ring of protection (left hand)
 C - a +3 ring of strength (right hand)
Scrolls
 d - 2 scrolls of magic mapping
 f - 3 scrolls of enchant armour
 i - a scroll of immolation {unknown}
 o - 5 scrolls of remove curse
 x - a scroll of teleportation
 B - a scroll of noise {unknown}
 D - a scroll of amnesia {unknown}
 F - a scroll of silence {unknown}
Potions
 a - a potion of curing
 l - 2 potions of heal wounds
 z - a potion of brilliance
Books
 u - a book of Minor Magic

   Spells                             Type                      Level
   a - Magic Dart                     Conjuration                  1
   b - Blink                          Translocation                2
   c - Call Imp                       Summoning                    2
   d - Slow                           Hexes                        2
   e - Conjure Flame                  Conjuration/Fire             3
   f - Mephitic Cloud                 Conjuration/Poison/Air       3
 v - a book of Misfortune

   Spells                             Type                      Level
   a - Confusing Touch                Hexes                        1
   b - Confuse                        Hexes                        3
   c - Gell's Gravitas                Translocation                3
   d - Petrify                        Transmutation/Earth          4
   e - Metabolic Englaciation         Hexes/Ice                    5
   f - Yara's Violent Unravelling     Hexes/Transmutation          5
Comestibles
 c - 10 rations


   Skills:
 - Level 2.1 Dodging
 - Level 2.0 Stealth
 + Level 6.3 Spellcasting
 + Level 8.6 Conjurations
 * Level 12.5 Air Magic
 + Level 5.6 Invocations


You had 3 spell levels left.
You knew the following spells:

 Your Spells              Type           Power        Failure   Level  Hunger
a - Shock                 Conj/Air       ####         1%          1    None
b - Swiftness             Chrm/Air       ####....     1%          2    None
c - Static Discharge      Conj/Air       #####...     1%          3    ##.....
d - Airstrike             Air            #####.....   1%          4    ####...
e - Lightning Bolt        Conj/Air       #####.....   4%          5    #####..
f - Mephitic Cloud        Conj/Pois/Air  ####....     2%          3    ##.....


Dungeon Overview and Level Annotations

Branches:
Dungeon (9/15)             Temple (1/1) D:4            Lair (0/6) D:8
    Orc: D:9-12

Altars:
Ashenzari
Cheibriados
Dithmenos
Elyvilon
Fedhas
Gozag
Hepliaklqana
Kikubaaqudgha
Makhleb
Nemelex Xobeh
Okawaru
Qazlal
Ru
Sif Muna
Trog
Uskayaw
Vehumet
Wu Jian
Xom
Yredelemnul
Zin
The Shining One

Shops:
D:4 %

Annotations:
D:1 exclusion: gnoll
D:3 Asgaroth's ghost, amateur SpGl
D:8 Maurice
D:9 Erolcha


Innate Abilities, Weirdness & Mutations

You have a beak for a mouth.
You have claws for feet.
You can fly.
You are partially covered in large bone plates. (SH +4)
You are partially covered in slimy green scales. (AC +2)
Your magical capacity is low. (-10% MP)
Your muscles are strong. (Str +2)


Message History

The two-headed ogre is engulfed in noxious fumes.
Casting: Mephitic Cloud
Confirm with . or Enter, or press ? or * to list all spells.
Aiming: Mephitic Cloud
Press: ? - help, Shift-Dir - straight line, p - two-headed ogre That beam is likely to hit you.
Continue anyway?
The ball explodes into a vile cloud!
The stinking cloud engulfs the two-headed ogre.
The two-headed ogre is heavily wounded.
The stinking cloud engulfs you!
You are engulfed in noxious fumes.
You choke on the stench!
You are confused.
Unknown command.
You bump into the crystal wall.
You are engulfed in noxious fumes.
You choke on the stench!
You are more confused.
The two-headed ogre is engulfed in noxious fumes.
The two-headed ogre hits you with a giant spiked club!! x2
Ouch! That really hurt!
You die...

..#............#......... ....=
..'............#......###########
###............#.######..........
#..............#.# .............
#......[.......#.# .............
#..............'.# .............
#..............#.# ...........
#########......#.# ###........
....... ########@######.###'#####
..............§O.................
########....§§...........######..
#....§§§..........# #..
#....§............# #..
#...........(.....# #..
#.................######..
#######......l.................
+.P≈PP##.....########.....#####


You could see a two-headed ogre and a wyvern.

Vanquished Creatures
  2 dream sheep (D:9)
  A hippogriff (D:9)
  2 yaks (D:9)
  Menkaure (D:7)
  A hungry ghost (D:7)
  A water moccasin (D:8)
  A sky beast (D:9)
  A phantom (D:5)
  An orc warrior (D:7)
  A necrophage (D:4)
  An ice beast (D:7)
  3 ogres
  2 black bears
  2 centaurs
  4 big kobolds (D:9)
  4 bullfrogs
  A wyvern zombie (D:7)
  2 scorpions
  3 killer bees (D:9)
  3 wights (D:7)
  2 howler monkeys (D:8)
  4 crimson imps
  A jelly (D:9)
  A quasit (D:7)
  4 hounds
  3 bullfrog skeletons
  An iguana (D:7)
  7 orc wizards
  6 worker ants
  A hound skeleton (D:8)
  2 worker ant zombies
  5 adders
  2 shadow imps
  2 oozes
  An adder skeleton (D:4)
  2 worms
  A dart slug (D:2)
  5 leopard geckos
  18 orcs
  4 giant cockroaches
  5 goblins
  8 hobgoblins
  4 jackals (D:6)
  23 kobolds
  5 quokkas
  5 ball pythons
  5 bats (D:2)
  6 frilled lizards
  A jackal skeleton (D:4)
  A quokka zombie (D:5)
  4 rats
176 creatures vanquished.

Vanquished Creatures (others)
  A fungus (D:2)
1 creature vanquished.

Grand Total: 177 creatures vanquished

Notes
Turn   | Place    | Note
-------+----------+-------------------------------------------
     0 | D:1      | vatarom the Tengu Air Elementalist began the quest for the Orb.
     0 | D:1      | Reached XP level 1. HP: 10/10 MP: 4/4
   334 | D:1      | Reached XP level 2. HP: 15/15 MP: 0/6
   604 | D:1      | Gained mutation: You are partially covered in slimy green scales. (AC +2) [potion of mutation]
   604 | D:1      | Gained mutation: Your magical capacity is low. (-10% MP) [potion of mutation]
   604 | D:1      | Gained mutation: You are partially covered in large bone plates. (SH +4) [potion of mutation]
   604 | D:1      | Gained mutation: Your muscles are strong. (Str +2) [potion of mutation]
   699 | D:1      | Learned a level 2 spell: Swiftness
  1132 | D:2      | Found a blossoming altar of Fedhas.
  1133 | D:2      | Found a stormy altar of Qazlal.
  1180 | D:2      | Reached XP level 3. HP: 19/19 MP: 1/6
  1433 | D:2      | Learned a level 3 spell: Static Discharge
  1496 | D:2      | Reached skill level 5 in Air Magic
  1667 | D:2      | Found a sparkling altar of Nemelex Xobeh.
  2409 | D:3      | Found an iron altar of Okawaru.
  2411 | D:3      | Noticed Asgaroth's ghost (amateur SpGl)
  2654 | D:4      | Reached XP level 4. HP: 24/24 MP: 3/8
  2712 | D:4      | Found Osilac's Food Boutique.
  2779 | D:4      | Found a staircase to the Ecumenical Temple.
  2788 | Temple   | Entered the Ecumenical Temple
  2805 | Temple   | Became a worshipper of Sif Muna the Loreminder
  2992 | D:4      | Noticed a necrophage
  3070 | D:4      | Killed a necrophage
  3070 | D:4      | Reached skill level 6 in Air Magic
  3070 | D:4      | Reached skill level 1 in Invocations
  3070 | D:4      | Gained mutation: You can fly. [Tengu growth]
  3070 | D:4      | Reached XP level 5. HP: 8/25 MP: 2/9
  3367 | D:4      | Reached XP level 6. HP: 19/29 MP: 3/10
  3976 | D:4      | Learned a level 4 spell: Airstrike
  4119 | D:4      | Reached skill level 7 in Air Magic
  4207 | D:5      | Entered Level 5 of the Dungeon
  4404 | D:5      | Reached XP level 7. HP: 26/33 MP: 4/12
  4462 | D:5      | Found a sacrificial altar of Ru.
  4553 | D:5      | Reached * piety under Sif Muna
  4778 | D:5      | Reached skill level 8 in Air Magic
  5044 | D:5      | Reached skill level 5 in Conjurations
  5161 | D:5      | Reached XP level 8. HP: 41/41 MP: 9/13
  5506 | D:6      | Found a glowing silver altar of Zin.
  5509 | D:6      | Noticed an angel
  5512 | D:6      | Found a shimmering altar of Xom.
  5532 | D:6      | Learned a level 5 spell: Lightning Bolt
  5546 | D:6      | Found a snail-covered altar of Cheibriados.
  5625 | D:6      | Reached skill level 9 in Air Magic
  5902 | D:6      | Found a hide-covered altar of Uskayaw.
  6038 | D:6      | Found an ornate altar of the Wu Jian Council.
  6269 | D:7      | Reached ** piety under Sif Muna
  6303 | D:7      | Reached skill level 10 in Air Magic
  6769 | D:7      | Reached skill level 5 in Spellcasting
  6769 | D:7      | Reached XP level 9. HP: 45/45 MP: 1/15
  6942 | D:7      | Noticed Menkaure
  6945 | D:7      | Killed Menkaure
  7521 | D:8      | Reached skill level 11 in Air Magic
  7606 | D:8      | Noticed Maurice
  8182 | D:8      | Found a staircase to the Lair.
  8253 | D:8      | Found a shattered altar of Ashenzari.
  8491 | D:9      | Reached *** piety under Sif Muna
  8491 | D:9      | Reached skill level 5 in Invocations
  8648 | D:9      | Reached XP level 10. HP: 31/50 MP: 13/18
  8712 | D:9      | Learned a level 3 spell: Mephitic Cloud
  8748 | D:9      | Reached skill level 12 in Air Magic
  9148 | D:9      | Noticed Erolcha
  9390 | D:9      | Noticed a three-headed hydra
  9538 | D:9      | Noticed a two-headed ogre
  9544 | D:9      | Slain by a two-headed ogre

Skill      XL: |  1  2  3  4  5  6  7  8  9 10 |
---------------+-------------------------------+-----
Conjurations   | 2 3 4 5 6 8 |  8.6
Air Magic      | 5 6 7 8 10 11 12 | 12.5
Spellcasting   | 3 4 5 6 |  6.3
Invocations    | 1 2 4 5 |  5.6
Dodging        | |  2.1
Stealth        | |  2.0

Action                   |  1- 3 |  4- 6 |  7- 9 | 10-12 || total
-------------------------+-------+-------+-------+-------++-------
Melee: Unarmed           |     2 |       |       |       ||     2
       Whip              |     9 |       |       |       ||     9
       Peck              |     2 |     7 |     5 |     1 ||    15
       Kick              |     1 |     7 |    19 |     4 ||    31
       Dagger            |    13 |    49 |    65 |     8 ||   135
 Cast: Shock             |    68 |    43 |    95 |     4 ||   210
       Static Discharge  |     1 |     4 |    24 |     7 ||    36
       Airstrike         |       |     1 |    68 |    19 ||    88
       Lightning Bolt    |       |       |     1 |     5 ||     6
       Mephitic Cloud    |       |       |       |     2 ||     2
       Swiftness         |       |       |       |     2 ||     2
Invok: Divine Energy     |       |       |     1 |       ||     1
       Channel Magic     |       |       |     2 |     2 ||     4
  Use: Scroll            |     7 |     1 |     4 |     3 ||    15
       Potion            |     1 |     2 |    10 |       ||    13
 Stab: Sleeping          |     3 |     2 |     4 |       ||     9
  Eat: Chunk             |     4 |     2 |     9 |     1 ||    16
       Ration            |     1 |     1 |     5 |     2 ||     9
Armor: Robe              |     5 |     8 |    34 |     6 ||    53
       Skin              |       |    14 |       |       ||    14
Dodge: Dodged            |    23 |    34 |    79 |     8 ||   144
       Deflected         |       |       |     4 |       ||     4
Block: Other             |     7 |     7 |    11 |     3 ||    28
